 Dungeon Crawl Stone Soup version 0.18.1-1-g2f07953 (webtiles) character file.

189 Aleksandr27reg the Magician (level 5, 0/42 HPs)
             Began as a Deep Elf Wizard on Aug 29, 2016.
             Succumbed to a worker ant's poison
             ... on level 4 of the Dungeon on Aug 30, 2016.
             The game lasted 00:15:43 (4072 turns).

Aleksandr27reg the Magician (Deep Elf Wizard)       Turns: 4072, Time: 00:15:43

Health: 0/42       AC: 22    Str:  3 (4)  XL:     5   Next: 40%
Magic:  9/16       EV:  2    Int: 24      God:
Gold:   118        SH:  0    Dex: 14 (16) Spells: 1 memorised, 17 levels left

rFire  . . .     SeeInvis .     l - +2 dagger (speed)
rCold  . . .     Gourm    .     (armour currently unavailable)
rNeg   + + +     Faith    .     (no shield)
rPois  +         Spirit   .     (helmet currently unavailable)
rElec  .         Dismiss  .     (cloak currently unavailable)
rCorr  .         Reflect  .     (gloves currently unavailable)
SustAt .         Harm     .     (boots currently unavailable)
MR     .....     NoTele   +     (no amulet)
Stlth  +++.......               (no ring)
                                m - +3 ring of dexterity

@: lethally poisoned (0 -> -4), tree-form, very slightly contaminated,
invisible, not resistant to hostile enchantments, fairly stealthy
A: no striking features
a: no special abilities


You were on level 4 of the Dungeon.
You were very full.
You were a tree.
You visited 1 branch of the dungeon, and saw 4 of its levels.

You collected 118 gold pieces.

Inventory:

Hand Weapons
 l - a +2 dagger of speed (weapon)
 s - a +2 arbalest of velocity
Armour
 a - a +0 robe (melded)
 g - a +0 pair of boots (melded)
 q - a +0 cloak (melded)
 r - a +0 helmet (melded)
Jewellery
 m - a +3 ring of dexterity (left branch)
Wands
 h - a wand of paralysis (16/24)
Scrolls
 b - 3 scrolls of identify
 f - a scroll of recharging
 n - 2 scrolls of enchant armour {unknown}
Potions
 e - a potion of lignification
 i - a potion of mutation
Books
 c - a book of Minor Magic

   Spells                             Type                      Level
   a - Magic Dart                     Conjuration                  1
   b - Blink                          Translocation                2
   c - Call Imp                       Summoning                    2
   d - Repel Missiles                 Charms/Air                   2
   e - Slow                           Hexes                        2
   f - Conjure Flame                  Conjuration/Fire             3
   g - Mephitic Cloud                 Conjuration/Poison/Air       3
Comestibles
 d - a beef jerky
 j - 2 meat rations
 p - a bread ration


   Skills:
 + Level 0.1 Fighting
 + Level 0.2 Short Blades
 + Level 3.6 Dodging
 + Level 2.5 Stealth
 * Level 7.1 Spellcasting
 + Level 2.3 Conjurations
   Level 1.1 Summonings
   Level 1.1 Translocations


You had 17 spell levels left.
You knew the following spells:

 Your Spells              Type           Power        Failure   Level  Hunger
a - Magic Dart            Conj           ###.         2%          1    None


Dungeon Overview and Level Annotations

Branches:
Dungeon (4/15)
 Temple: D:4-7

Altars:
Kikubaaqudgha
Okawaru
The Shining One


Message History

You feel sick.
* * * LOW HITPOINT WARNING * * *
You feel sick.
* * * LOW HITPOINT WARNING * * *
You feel sick.
Drink which item? (? for menu, Esc to quit)
It was a potion of invisibility.
You fade into invisibility!
* * * LOW HITPOINT WARNING * * *
You feel sick.
Unknown command.
Drink which item? (? for menu, Esc to quit)
Okay, then.
Eat which item? (? for menu, Esc to quit)
You continue eating.
* * * LOW HITPOINT WARNING * * *
You feel sick.
You continue eating.
You finish eating.
That meat ration really hit the spot!
You die...

...# #. #.######
######.
#.####......#
#......
#......####.######
#.#####
######.####......#
#.# #....#.####.#
#.#
#.##.#.####.###.#
#.##.#.#........#
#.<.♣....##.#####
######.####.# #...
..# ########


There were no monsters in sight!

Vanquished Creatures
  An orc priest (D:3)
  A worker ant (D:4)
  Robin (D:2)
  An adder (D:2)
  An ooze (D:2)
  An adder skeleton (D:4)
  2 worms
  2 dart slugs
  2 giant geckos
  7 orcs (D:3)
  5 giant cockroaches
  26 goblins
  11 hobgoblins
  4 jackals
  5 kobolds
  A ball python (D:2)
  6 bats
  2 giant newts
  7 rats
86 creatures vanquished.

Vanquished Creatures (others)
  4 toadstools (D:1)
4 creatures vanquished.

Grand Total: 90 creatures vanquished

Notes
Turn   | Place    | Note
--------------------------------------------------------------
     0 | D:1      | Aleksandr27reg the Deep Elf Wizard began the quest for the Orb.
     0 | D:1      | Reached XP level 1. HP: 10/10 MP: 7/7
   238 | D:1      | Reached skill level 5 in Spellcasting
   289 | D:1      | Reached XP level 2. HP: 15/15 MP: 2/10
  1141 | D:2      | Reached XP level 3. HP: 19/19 MP: 10/12
  1322 | D:2      | Reached skill level 6 in Spellcasting
  1325 | D:2      | Found an iron altar of Okawaru.
  2036 | D:2      | Reached XP level 4. HP: 24/24 MP: 4/14
  2191 | D:2      | Noticed Robin
  2483 | D:2      | Killed Robin
  3377 | D:3      | Reached skill level 7 in Spellcasting
  3377 | D:3      | Reached XP level 5. HP: 19/28 MP: 5/16
  3736 | D:3      | Found a glowing golden altar of the Shining One.
  3831 | D:3      | Found an ancient bone altar of Kikubaaqudgha.
  4066 | D:4      | HP: 2/42 [poisoned by a worker ant]
  4072 | D:4      | Succumbed to a worker ant's poison

Skill      XL: |  1  2  3  4 |
---------------+-------------+-----
Spellcasting   | 5 6 7 |  7.1
Dodging        | 3 |  3.6
Conjurations   | 2 |  2.3
Fighting       | |  0.1
Short Blades   | |  0.2
Stealth        | |  2.5
Summonings     | |  1.1
Translocations | |  1.1

Action                   |  1- 3 |  4- 6 || total
-------------------------+-------+-------++-------
Melee: Unarmed           |     8 |       ||     8
       Dagger            |       |    22 ||    22
 Cast: Magic Dart        |   128 |   104 ||   232
  Use: Scroll            |     8 |     2 ||    10
       Potion            |       |     7 ||     7
  Eat: Chunk             |     1 |     1 ||     2
       Bread ration      |     1 |     1 ||     2
       Meat ration       |       |     1 ||     1
Armor: Robe              |     5 |     8 ||    13
Dodge: Dodged            |    32 |    30 ||    62
